 Dungeon Crawl Stone Soup version 0.20.0-15-g7f486f2 (webtiles) character file.

378 Mysteryquy the Chopper (level 6, -2/49 HPs)
             Began as a Demonspawn Fighter on June 27, 2017.
             Slain by an ogre
             ... wielding a +0 giant spiked club
              (14 damage)
             ... on level 4 of the Dungeon.
             The game lasted 00:07:21 (3932 turns).

Mysteryquy the Chopper (Demonspawn Fighter)         Turns: 3932, Time: 00:07:21

Health: -2/49      AC:  6    Str: 19    XL:     6   Next: 45%
Magic:  0/6        EV:  4    Int:  9    God:
Gold:   124        SH:  9    Dex: 12    Spells: 5/5 levels left

rFire    x . .     SeeInvis .   a - +0 war axe
rCold    + . .     Gourm    .   c - +0 shield
rNeg     . . .     Faith    .   k - +0 chain mail (curse)
rPois    .         Spirit   +   (helmet restricted)
rElec    .         Reflect  .   (no cloak)
rCorr    .         Harm     .   (no gloves)
MR       .....                  (no boots)
Stlth    ..........             (no amulet)
Regen    0.2/turn               e - ring of ice
MPRegen  0.1/turn               h - -2 ring of protection (curse)

@: no status effects
A: claws 2, hooves 1, horns 1, magic shield
a: no special abilities


You were on level 4 of the Dungeon.
You were not hungry.

You visited 1 branch of the dungeon, and saw 4 of its levels.

You collected 124 gold pieces.

Inventory:

Hand Weapons
 a - a +0 war axe (weapon)
Armour
 b - a +1 scale mail
 c - a +0 shield (worn)
 k - a cursed +0 chain mail (worn)
 p - a +0 helmet
Jewellery
 e - a ring of ice (left claw)
 h - a cursed -2 ring of protection (right claw)
 i - a cursed amulet of inaccuracy {unknown}
Scrolls
 n - a scroll of identify
Potions
 d - a potion of might
 g - a potion of agility
 j - 2 potions of curing
 r - a potion of haste
Comestibles
 f - a bread ration
 o - 3 royal jellies


   Skills:
 + Level 4.4 Fighting
 + Level 5.5 Axes
 - Level 2.6 Armour
 - Level 2.7 Shields


You had 5 spell levels left.
You didn't know any spells.

Dungeon Overview and Level Annotations

Branches:
Dungeon (4/15)
 Temple: D:4-7

Altars:
Xom


Innate Abilities, Weirdness & Mutations

You have very sharp fingernails.
You have large cloven feet.
You have a pair of small horns on your head.
When hurt, damage is shared between your health and your magic reserves.


Message History

There is a stone staircase leading down here.
You climb downwards.
You hear the hiss of flowing sand.
There is an entrance to an ossuary on this level.
Hurry and find it before the portal is buried!
Found a scroll of identify.
There is a stone staircase leading up here.
An ogre comes into view. It is wielding a giant spiked club.
The ogre shouts!
You see here a scroll of identify.
You completely miss the ogre. Your kick misses the ogre.
The ogre hits you with a giant spiked club!
You slash the ogre! You kick the ogre, but do no damage.
Your headbutt misses the ogre.
The ogre is moderately wounded.
The ogre hits you with a giant spiked club!!
* * * LOW HITPOINT WARNING * * *
You slash the ogre! You kick the ogre, but do no damage.
The ogre is severely wounded.
The ogre hits you with a giant spiked club!
You die...

###
#.#####
##.....##
.......#
###.....##
+..@O....#
###.####.#
#.# #.##
#.<# #..#
....#
......#
........#


You could see an ogre.

Vanquished Creatures
  2 orc priests (D:3)
  Jessica (D:3)
  Natasha (thrice) (D:3)
  Robin (D:3)
  5 gnolls
  3 adders (D:2)
  3 oozes (D:1)
  3 worms
  6 dart slugs
  4 leopard geckos
  5 orcs
  8 bats
  3 giant cockroaches
  19 goblins
  9 hobgoblins
  4 jackals (D:1)
  7 kobolds
  A quokka (D:3)
  A ball python (D:1)
  8 frilled lizards
  5 rats
101 creatures vanquished.

Vanquished Creatures (others)
  A plant (D:1)
1 creature vanquished.

Grand Total: 102 creatures vanquished

Notes
Turn   | Place    | Note
-------+----------+-------------------------------------------
     0 | D:1      | Mysteryquy the Demonspawn Fighter began the quest for the Orb.
     0 | D:1      | Reached XP level 1. HP: 18/18 MP: 1/1
    93 | D:1      | Gained mutation: You have sharp fingernails. [demonic ancestry]
    93 | D:1      | Reached XP level 2. HP: 15/24 MP: 2/2
   118 | D:1      | Reached skill level 2 in Axes
   453 | D:1      | Gained mutation: When hurt, damage is shared between your health and your magic reserves. [demonic ancestry]
   453 | D:1      | Reached XP level 3. HP: 11/29 MP: 3/3
  1189 | D:1      | Reached skill level 3 in Axes
  1426 | D:2      | Gained mutation: You have large cloven feet. [demonic ancestry]
  1426 | D:2      | Reached XP level 4. HP: 31/37 MP: 2/4
  2476 | D:3      | Reached skill level 4 in Axes
  2504 | D:3      | Noticed Jessica
  2622 | D:3      | Noticed Robin
  2643 | D:2      | Gained mutation: You have very sharp fingernails. [demonic ancestry]
  2643 | D:2      | Reached XP level 5. HP: 35/42 MP: 5/5
  3210 | D:3      | Killed Jessica
  3400 | D:3      | Killed Robin
  3400 | D:3      | Reached skill level 5 in Axes
  3449 | D:3      | Noticed Natasha
  3456 | D:3      | Killed Natasha
  3456 | D:3      | Gained mutation: You have a pair of small horns on your head. [demonic ancestry]
  3456 | D:3      | Reached XP level 6. HP: 46/48 MP: 6/6
  3485 | D:3      | Found a shimmering altar of Xom.
  3486 | D:3      | Noticed Natasha
  3487 | D:3      | Found a burning altar of Makhleb.
  3487 | D:3      | Found a shimmering altar of Xom.
  3492 | D:3      | Killed Natasha
  3494 | D:3      | Found a shimmering altar of Xom.
  3494 | D:3      | Found a blossoming altar of Fedhas.
  3494 | D:3      | Found a stormy altar of Qazlal.
  3607 | D:3      | Noticed Natasha
  3616 | D:3      | Killed Natasha
  3932 | D:4      | Slain by an ogre

Skill      XL: |  1  2  3  4  5 |
---------------+----------------+-----
Axes           | 2 3 4 5 |  5.5
Fighting       | 4 |  4.4
Armour         | |  2.6
Shields        | |  2.7

Action                   |  1- 3 |  4- 6 || total
-------------------------+-------+-------++-------
Melee: War axe           |   148 |   203 ||   351
       Kick              |       |    54 ||    54
       Headbutt          |       |    12 ||    12
  Use: Scroll            |     2 |     4 ||     6
  Eat: Chunk             |     1 |     9 ||    10
Armor: Scale mail        |    86 |    10 ||    96
       Chain mail        |       |   105 ||   105
Dodge: Dodged            |    59 |    43 ||   102
Block: Shield            |    78 |    98 ||   176
